 Dungeon Crawl Stone Soup version 0.17.0-28-g6e173f8 (webtiles) character file.

2740 dorian the Arsonist (level 9, -1/51 HPs)
             Began as an Octopode Fire Elementalist on Nov 24, 2015.
             Was a Believer of Vehumet.
             Slain by an orc warrior
             ... wielding a +0 dire flail
              (8 damage)
             ... on level 7 of the Dungeon.
             The game lasted 00:15:59 (7697 turns).

dorian the Arsonist (Octopode Fire Elementalist)    Turns: 7697, Time: 00:16:00

Health: -1/51      AC:  1    Str: 12    XL:     9   Next: 68%
Magic:  8/12       EV: 18    Int: 20    God:    Vehumet [**....]
Gold:   348        SH:  0    Dex: 18    Spells: 3 memorised, 4 levels left

rFire  + . .     SeeInvis .     i - +3 short sword (venom)
rCold  x . .     Clarity  .     (no shield)
rNeg   + . .     SustAt   .     (helmet restricted)
rPois  +         Gourm    .     z - amulet of warding
rElec  .         Spirit   .     t - ring of poison resistance
rCorr  .         Warding  +     B - ring of fire
rMut   .         Stasis   .     (no ring)
MR     .....                    (no ring)
Stlth  +++++.....               (no ring)
                                (no ring)
                                (no ring)
                                (no ring)

@: mighty, agile, not resistant to hostile enchantments, quite stealthy
A: almost no armour, amphibious, 8 rings, constrict 8, camouflage 1, gelatinous
body 1
a: Renounce Religion


You were on level 7 of the Dungeon.
You worshipped Vehumet.
Vehumet was pleased with you.
You were not hungry.

You visited 1 branch of the dungeon, and saw 7 of its levels.

You collected 348 gold pieces.

Inventory:

Hand Weapons
 i - a +3 short sword of venom (weapon)
Missiles
 w - 5 curare-tipped needles
 D - 12 poisoned needles
Jewellery
 q - an uncursed ring of ice
 t - a ring of poison resistance (left tentacle)
 x - an uncursed amulet of rage
 z - an amulet of warding (around mantle)
 B - a ring of fire (right tentacle)
Wands
 c - a wand of magic darts (20)
 u - a wand of draining (2)
Scrolls
 d - 2 scrolls of amnesia
 e - 2 scrolls of fear {unknown}
 k - 3 scrolls of enchant weapon
 m - a scroll of fog {unknown}
 n - 2 scrolls of teleportation
 p - 3 scrolls of magic mapping
 r - a scroll of recharging {unknown}
 y - 2 scrolls of remove curse
 A - a scroll of random uselessness {unknown}
Potions
 f - a potion of might
 g - 2 potions of brilliance
 h - a potion of magic {unknown}
 j - 4 potions of curing
 l - a potion of agility
 s - a potion of haste {unknown}
 v - 5 potions of flight
 C - a potion of degeneration {unknown}
Books
 a - a book of Flames

   Spells                             Type                      Level
   a - Flame Tongue                   Conjuration/Fire             1
   b - Throw Flame                    Conjuration/Fire             2
   c - Conjure Flame                  Conjuration/Fire             3
   d - Inner Flame                    Hexes/Fire                   3
   e - Sticky Flame                   Conjuration/Fire             4
   f - Fireball                       Conjuration/Fire             5
Comestibles
 b - 4 bread rations
 o - 5 meat rations
 E - a chunk of flesh


   Skills:
 - Level 2.0 Dodging
 - Level 2.6 Stealth
 - Level 2.0 Spellcasting
 + Level 9.2 Conjurations
 + Level 9.6 Fire Magic


You had 4 spell levels left.
You knew the following spells:

 Your Spells              Type           Power        Failure   Level  Hunger
a - Flame Tongue          Conj/Fire      #####        1%          1    #......
b - Conjure Flame         Conj/Fire      ######..     1%          3    ###....
c - Sticky Flame          Conj/Fire      ######..     4%          4    #####..


Dungeon Overview and Level Annotations

Branches:
Dungeon (7/15)
 Temple: D:4-7

Altars:
Fedhas
Gozag
Nemelex Xobeh
Okawaru
Qazlal
Sif Muna
Trog
Vehumet
Xom
Zin
The Shining One

Annotations:
D:3 Sigmund


Innate Abilities, Weirdness & Mutations

You cannot wear most types of armour.
You are amphibious.
You can wear up to eight rings at the same time.
You can use your tentacles to constrict eight enemies at once.
Your skin changes colour to match your surroundings (Stealth).
Your rubbery body absorbs attacks (AC +1).


Message History

* * * LOW HITPOINT WARNING * * *
The wight freezes you.
* * * LOW HITPOINT WARNING * * *
2 wights come into view.
You feel sick.
You feel sick.
You feel sick.
A phantom comes into view.
You feel sick.
You are no longer poisoned.
You see here a hand axe.
Things that are here:
a club; an arrow; an orc skeleton
Things that are here:
a dagger; 9 stones; a ring mail The phantom blinks!
An orc warrior comes into view. It is wielding a dire flail.
The orc warrior completely misses you.
The orc warrior hits you with a dire flail!
You die...

#.#######'#'##########.##
#.#................ #..####
#.##.##............ #......
#.##.##............###......
#....#........#.##..........
######.#.........+..........
#.#........##..........
#.#......####.......###
#.#..o@..# #.......###
#.#......####..........
#<#.........######.....
####....z...# #.....
#........# #..... #....(...#
####'# #.....(..###### #..
#.............# ##.
#.............#####.


You could see an orc warrior and a wight.

Vanquished Creatures
  3 yaks (D:5)
  Eustachio (D:6)
  A phantom (D:5)
  A black bear (D:6)
  3 centaurs
  4 ogres
  2 orc warriors (D:6)
  A water moccasin skeleton (D:7)
  2 jellies (D:6)
  2 killer bees (D:7)
  A gnoll shaman (D:5)
  A centaur skeleton (D:5)
  Crazy Yiuf (D:3)
  6 orc priests
  2 giant frog skeletons (D:6)
  3 orc wizards
  4 hounds
  A quasit (D:6)
  3 worker ants
  2 iguanas (D:4)
  A hound zombie (D:6)
  10 gnolls
  10 adders
  An ooze (D:2)
  2 adder zombies
  5 worms
  4 giant geckos
  20 orcs
  2 giant cockroaches
  6 goblins
  4 hobgoblins
  2 quokkas
  A ball python (D:4)
  9 bats
  A giant gecko zombie (D:5)
  3 giant newts
  7 jackals
  8 kobolds
  9 rats
149 creatures vanquished.

Notes
Turn   | Place    | Note
--------------------------------------------------------------
     0 | D:1      | dorian the Octopode Fire Elementalist began the quest for the Orb.
     0 | D:1      | Reached XP level 1. HP: 11/11 MP: 3/3
   203 | D:1      | Reached XP level 2. HP: 17/17 MP: 1/5
   755 | D:2      | Reached XP level 3. HP: 21/21 MP: 2/6
   907 | D:2      | Reached skill level 4 in Fire Magic
   961 | D:2      | Reached XP level 4. HP: 23/27 MP: 7/7
  1336 | D:3      | Learned a level 3 spell: Conjure Flame
  1398 | D:3      | Found a glowing golden altar of the Shining One.
  1402 | D:3      | Found a radiant altar of Vehumet.
  1403 | D:3      | Found an iron altar of Okawaru.
  1403 | D:3      | Found an opulent altar of Gozag.
  1405 | D:3      | Became a worshipper of Vehumet
  1407 | D:3      | Found a shimmering altar of Xom.
  1408 | D:3      | Found a sparkling altar of Nemelex Xobeh.
  1410 | D:3      | Found a blossoming altar of Fedhas.
  1506 | D:3      | Found a sparkling altar of Nemelex Xobeh.
  1670 | D:3      | Noticed Sigmund
  1831 | D:3      | Noticed Crazy Yiuf
  1935 | D:3      | Killed Crazy Yiuf
  1935 | D:3      | Reached XP level 5. HP: 18/31 MP: 0/8
  2253 | D:4      | Reached skill level 5 in Fire Magic
  2307 | D:4      | Learned a level 4 spell: Sticky Flame
  2372 | D:4      | Noticed an ogre
  2429 | D:3      | Reached XP level 6. HP: 29/36 MP: 5/9
  2600 | D:4      | Noticed an ogre
  2614 | D:4      | Killed an ogre
  2885 | D:4      | Found a deep blue altar of Sif Muna.
  3022 | D:4      | Found a bloodstained altar of Trog.
  3119 | D:4      | Killed an ogre
  3119 | D:4      | Reached skill level 5 in Conjurations
  3119 | D:4      | Reached XP level 7. HP: 41/41 MP: 2/10
  3206 | D:4      | Reached skill level 6 in Fire Magic
  3501 | D:5      | Entered Level 5 of the Dungeon
  3634 | D:5      | Reached * piety under Vehumet
  3634 | D:5      | Offered knowledge of Magic Dart by Vehumet.
  3994 | D:5      | Found a stormy altar of Qazlal.
  3994 | D:5      | Found a glowing silver altar of Zin.
  4294 | D:5      | Reached XP level 8. HP: 46/46 MP: 7/11
  4329 | D:5      | Reached skill level 7 in Fire Magic
  5582 | D:6      | Noticed Eustachio
  5681 | D:6      | Reached skill level 8 in Fire Magic
  5762 | D:6      | Killed Eustachio
  5857 | D:6      | Reached XP level 9. HP: 14/51 MP: 2/12
  6170 | D:5      | Reached ** piety under Vehumet
  6170 | D:5      | Offered knowledge of Freeze by Vehumet.
  6385 | D:5      | Reached skill level 9 in Fire Magic
  7697 | D:7      | Slain by an orc warrior

Action                   |  1- 3 |  4- 6 |  7- 9 || total
-------------------------+-------+-------+-------++-------
Melee: Unarmed           |     4 |       |       ||     4
       Short sword       |    36 |    37 |    33 ||   106
 Cast: Flame Tongue      |    23 |    52 |   218 ||   293
       Sticky Flame      |       |     1 |     7 ||     8
       Conjure Flame     |       |       |     2 ||     2
Evoke: Wand              |       |       |     4 ||     4
  Use: Potion            |       |       |     5 ||     5
       Scroll            |       |       |     9 ||     9
 Stab: Sleeping          |     8 |     9 |     3 ||    20
  Eat: Chunk             |       |     6 |     7 ||    13
       Beef jerky        |       |     1 |     1 ||     2
       Bread ration      |       |       |     2 ||     2
       Royal jelly       |       |       |     1 ||     1
       Pizza             |       |       |     1 ||     1
